 Dungeon Crawl Stone Soup version 0.17-a0-1954-g0dddeaa (webtiles) character file.

73 gorblad the Sneak (level 4, -4/30 HPs)
             Began as an Octopode Assassin on Oct 3, 2015.
             Slain by a gnoll
             ... wielding a +0 flail
              (9 damage)
             ... on level 2 of the Dungeon.
             The game lasted 00:03:33 (1133 turns).

gorblad the Sneak (Octopode Assassin)               Turns: 1133, Time: 00:03:33

Health: -4/30      AC:  1    Str: 10    XL:     4   Next: 27%
Magic:  4/4        EV: 12    Int: 13    God:
Gold:   47         SH:  0    Dex: 14    Spells: 0 memorised, 3 levels left

rFire  . . .     SeeInvis +     a - +2 dagger
rCold  . . .     Clarity  .     (no shield)
rNeg   . . .     SustAt   .     (helmet restricted)
rPois  .         Gourm    .     (no amulet)
rElec  .         Spirit   .     l - ring of see invisible
rCorr  .         Warding  .     (no ring)
rMut   .         Stasis   .     (no ring)
MR     .....                    (no ring)
Stlth  +++++.....               (no ring)
                                (no ring)
                                (no ring)
                                (no ring)

@: not resistant to hostile enchantments, quite stealthy
A: almost no armour, amphibious, 8 rings, constrict 8, camouflage 1, gelatinous
body 1
a: no special abilities


You were on level 2 of the Dungeon.
You were not hungry.

You visited 1 branch of the dungeon, and saw 2 of its levels.

You collected 47 gold pieces.

Inventory:

Hand weapons
 a - a +2 dagger (weapon)
 b - a +0 blowgun
Missiles
 c - 8 poisoned needles
 d - 2 curare-tipped needles
Jewellery
 l - a ring of see invisible (left tentacle)
Magical devices
 o - a wand of polymorph (1)
Scrolls
 f - a scroll of identify {unknown}
 h - 2 scrolls of remove curse {unknown}
 j - a scroll of blinking {unknown}
 n - a scroll of amnesia {unknown}
Potions
 m - a potion of degeneration {unknown}
 p - a potion of brilliance {unknown}
Comestibles
 e - a bread ration
 g - 2 fruits
 i - 16 chunks of flesh
 k - 2 meat rations


   Skills:
 + Level 2.5 Fighting
 + Level 2.4 Short Blades
 + Level 2.0 Throwing
 + Level 1.4 Dodging
 + Level 6.8 Stealth


You had 3 spell levels left.
You didn't know any spells.

Dungeon Overview and Level Annotations

Branches:
Dungeon (2/15)

Altars:


Innate Abilities, Weirdness & Mutations

You cannot wear most types of armour.
You are amphibious.
You can wear up to eight rings at the same time.
You can use your tentacles to constrict eight enemies at once.
Your skin changes colour to match your surroundings (Stealth).
Your rubbery body absorbs attacks (AC +1).


Message History

The gnoll hits you with a club!
* * * LOW HITPOINT WARNING * * *
You hit the gnoll. Your grab misses the gnoll. You squeeze the gnoll.
The gnoll is severely wounded.
You hit the gnoll but do no damage. You grab the gnoll. You squeeze the gnoll.
You kill the gnoll!
You have reached level 4!
You hit the gnoll. Your grab misses the gnoll.
The gnoll is moderately wounded.
The gnoll hits you with a club.
* * * LOW HITPOINT WARNING * * *
You hit the gnoll. Your grab misses the gnoll. You squeeze the gnoll.
The gnoll is almost dead.
The gnoll closely misses you.
You completely miss the gnoll. You grab the gnoll. You squeeze the gnoll.
You kill the gnoll!
You hit the gnoll. You grab the gnoll.
The gnoll is moderately wounded.
You constrict the gnoll. The gnoll hits you with a flail!
You die...

#....).....#
#.#
#.......(..#
#.#
#.......$..#
#.#
#..........#
#.#
#..........#
#.#
#..........#
#.#
######.#####
#.# .. #!#
#@# #g# #.#
#.# #.# #.#
#.# #.#


You could see a gnoll.

Vanquished Creatures
  Robin (D:2)
  2 gnolls (D:2)
  8 bats
  5 hobgoblins
  5 giant geckos
  2 giant newts
  13 goblins
  5 kobolds (D:1)
  A rat (D:1)
42 creatures vanquished.

Notes
Turn   | Place    | Note
--------------------------------------------------------------
     0 | D:1      | gorblad the Octopode Assassin began the quest for the Orb.
     0 | D:1      | Reached XP level 1. HP: 14/14 MP: 1/1
   304 | D:1      | Reached XP level 2. HP: 12/19 MP: 2/2
   562 | D:1      | Reached skill level 6 in Stealth
   956 | D:2      | Reached XP level 3. HP: 24/24 MP: 3/3
  1049 | D:2      | Noticed Robin
  1068 | D:2      | Killed Robin
  1129 | D:2      | Reached XP level 4. HP: 8/30 MP: 4/4
  1133 | D:2      | Slain by a gnoll

Vault maps used:
D:1:      ncdulo_smallfort
D:2:      okawaru_trees_2, ecumenical_altar_2, uniq_robin, uniq_jessica

Action                   |  1- 3 |  4- 6 || total
-------------------------+-------+-------++-------
Melee: Dagger            |    69 |     4 ||    73
 Stab: Sleeping          |    10 |       ||    10
  Eat: Chunk             |     1 |       ||     1
